 Dungeon Crawl Stone Soup version 0.28-a0-514-g0d7ab7f379 (webtiles) character file.

Game seed: 4029864683608971371

142 Fingolfin the Firebug (level 4, -1/33 HPs)
             Began as a Demigod Fire Elementalist on Sept 22, 2021.
             Slain by a hornet zombie (6 damage)
             ... on level 5 of the Dungeon.
             The game lasted 00:08:19 (2668 turns).

Fingolfin the Firebug (Demigod Fire Elementalist)   Turns: 2668, Time: 00:08:19

Health: -1/33      AC:  2    Str:  9    XL:     4   Next: 74%
Magic:  0/10       EV: 12    Int: 21    God:
Gold:   59         SH:  0    Dex: 14    Spells: 1/8 levels left

rFire   . . .      SeeInvis +   n - +2 dagger (flame)
rCold   . . .      Faith    .   (no shield)
rNeg    . . .      Spirit   .   a - +0 robe
rPois   .          Reflect  .   (no helmet)
rElec   .          Harm     .   (no cloak)
rCorr   .          Rampage  .   (no gloves)
Will    .....                   (no boots)
Stlth   ++........              (no amulet)
HPRegen 0.11/turn               m - ring of see invisible
MPRegen 0.12/turn               (no ring)

@: no status effects
A: high mp 1, forlorn
a: no special abilities


You were on level 5 of the Dungeon.
You visited 1 branch of the dungeon, and saw 5 of its levels.

You collected 59 gold pieces.

Inventory:

Hand Weapons
 b - a +0 hand axe
 n - a +2 dagger of flaming (weapon)
Armour
 a - a +0 robe (worn)
 c - a +0 ring mail
Jewellery
 f - an amulet of guardian spirit
 m - a ring of see invisible (left hand)
 r - a +6 ring of strength
Scrolls
 e - a scroll of fog {unknown}
 g - 3 scrolls of identify {unknown}
 i - 2 scrolls of enchant armour {unknown}
 l - a scroll of noise {unknown}
 p - a scroll of enchant weapon {unknown}
 s - a scroll of fear {unknown}
Potions
 d - a potion of flight {unknown}
 h - a potion of brilliance {unknown}
 j - a potion of curing {unknown}
 k - a potion of might {unknown}
 o - a potion of heal wounds {unknown}
 q - a potion of lignification {unknown}


   Skills:
 - Level 1.7 Dodging
 - Level 1.7 Stealth
 + Level 2.6 Spellcasting
 + Level 2.5 Conjurations
 - Level 4.0 Fire Magic


You had one spell level left.
You knew the following spells:

 Your Spells              Type           Power      Damage    Failure   Level
a - Foxfire               Conj/Fire      64%        2x1d7     3%          1
b - Scorch                Fire           38%        2d6       4%          2
c - Flame Wave            Conj/Fire      16%        3d5       34%         4

Your spell library contained the following spells:

 Spells                   Type           Power      Damage    Failure   Level
 Conjure Flame            Conj/Fire      16%        6-21      11%         3
 Inner Flame              Hex/Fire       11%        N/A       19%         3


Dungeon Overview and Level Annotations

Branches:
Dungeon (6/15)
 Temple: D:4-7


Innate Abilities, Weirdness & Mutations

Your attributes grow dramatically as you level up.
You have an increased reservoir of magic. (+10% MP)
You shall have no god before yourself.


Message History

You open the door.
There is an open door here.
Found a leather armour.
A hornet zombie comes into view.
The hornet zombie barely misses you.
You see here a +0 leather armour.
Casting: Flame Wave (extremely dangerous; 34% risk of failure)
Confirm with . or Enter, or press ? or * to list all spells.
Flames lash the hornet zombie.
The hornet zombie is lightly damaged.
The hornet zombie's fire resistance burns away.
The hornet zombie hits you!
Casting: Scorch (safe; 4% risk of failure)
Confirm with . or Enter, or press ? or * to list all spells.
Flames lash the hornet zombie.
The hornet zombie is burned terribly!
The hornet zombie is heavily damaged.
The hornet zombie barely misses you. x2
Casting: Scorch (safe; 4% risk of failure)
Confirm with . or Enter, or press ? or * to list all spells.
Flames lash the hornet zombie.
The hornet zombie is burned terribly!
The hornet zombie is severely damaged.
The hornet zombie hits you!
Casting: Scorch (safe; 4% risk of failure)
Confirm with . or Enter, or press ? or * to list all spells.
Flames lash the hornet zombie.
The hornet zombie is burned terribly!
The hornet zombie is severely damaged.
The hornet zombie closely misses you.
Casting: Scorch (safe; 4% risk of failure)
Confirm with . or Enter, or press ? or * to list all spells.
Flames lash the hornet zombie but do no damage.
The hornet zombie hits you!
* * * LOW HITPOINT WARNING * * *
The hornet zombie barely misses you.
You aren't carrying any items that you can evoke.
Unknown command.
You barely miss the hornet zombie.
The hornet zombie is severely damaged.
The hornet zombie is no longer more vulnerable to fire.
The hornet zombie hits you.
You die...

..# ###..#
#....
#########.(.#
#≈≈≈≈≈≈≈#...#
..♣..≈#...#
♣.♣.≈#...##
♣@♣.'>...#
♣Z♣.≈###...#
..♣..≈# #..#
#≈≈≈≈≈≈≈# ...
######### .


You could see a hornet zombie.

Vanquished Creatures
  A wyvern zombie (D:6)
  3 adders (D:2)
  2 dart slugs (D:1)
  5 ball pythons
  4 endoplasms
  A giant cockroach (D:1)
  3 hobgoblins (D:2)
  5 jackals
  2 kobolds (D:1)
  2 quokkas (D:1)
  7 bats
  3 frilled lizards (D:1)
  4 goblins
  2 rats (D:1)
44 creatures vanquished.

Vanquished Creatures (others)
  46 foxfires
46 creatures vanquished.

Grand Total: 90 creatures vanquished

Notes
Turn   | Place    | Note
-------+----------+-------------------------------------------
     0 | D:1      | Fingolfin the Demigod Fire Elementalist began the quest for
                  | the Orb.
     0 | D:1      | Reached XP level 1. HP: 14/14 MP: 5/5
    99 | D:1      | Reached skill level 1 in Conjurations
   137 | D:1      | Reached skill level 3 in Fire Magic
   227 | D:1      | Reached XP level 2. HP: 20/20 MP: 5/7
   726 | D:1      | HP: 1/20 [jackal (3)]
  1143 | D:1      | Learned a level 2 spell: Scorch
  1385 | D:2      | Reached XP level 3. HP: 26/26 MP: 5/8
  2341 | D:3      | You fall into a shaft and drop 3 floors!
  2359 | D:6      | Reached skill level 4 in Fire Magic
  2359 | D:6      | Reached XP level 4. HP: 26/33 MP: 1/10
  2365 | D:6      | Learned a level 4 spell: Flame Wave
  2657 | D:5      | Entered Level 5 of the Dungeon
  2668 | D:5      | Slain by a hornet zombie

Illustrated notes

Levels and vault maps discovered:
D:1:      dpeg_arrival_lava_altar, layout_basic, shapermc_ecumenical_altar_petra
D:2:      layout_loops_ring
D:3:      layout_rooms, mainiacjoe_overflow_surrounded_room,
          kennysheep_nondescript
D:5:      layout_layer_cave, nzn_overflow_gifts_of_might_and_magic,
          yredelemnul_forgotten_temple_becter, minmay_temple_entry_stoned_glass,
          minivault_24, kennysheep_generic_room_10
D:6:      layout_rooms

Skill      XL: |  1  2  3 |
---------------+----------+-----
Conjurations   | 1 2 |  2.5
Fire Magic     | 3 4 |  4.0
Spellcasting   | 2 |  2.6
Dodging        | |  1.7
Stealth        | |  1.7

Action                   |  1- 3 |  4- 6 || total
-------------------------+-------+-------++-------
Melee: Unarmed           |     2 |       ||     2
       Hand axe          |    27 |       ||    27
       Dagger            |    10 |     1 ||    11
 Cast: Foxfire           |    34 |       ||    34
       Scorch            |    25 |     5 ||    30
       Flame Wave        |       |     1 ||     1
Armor: Ring mail         |    33 |       ||    33
Dodge: Dodged            |    53 |     5 ||    58

Table legend: (Time is in decaauts)
 A = Elapsed time spent in this place.
 B = Non-inter-level travel time spent in this place.
 C = Inter-level travel time spent in this place.
 D = Time resting spent in this place.
 E = Time spent auto-exploring this place.
 F = Levels seen in this place.
 G = Mean time per level.
                   A        B        C        D        E       F      G
               +--------+--------+--------+--------+--------+-----+--------+
         Total |   2673 |   2656 |     17 |   1224 |    988 |   5 |  534.6 |
       Dungeon |   2673 |   2656 |     17 |   1224 |    988 |   5 |  534.6 |
               +--------+--------+--------+--------+--------+-----+--------+

Top non-repeatable levels by time:
     D:1: 1235 daAuts
     D:2: 1023 daAuts
     D:6: 315 daAuts
     D:3: 87 daAuts
     D:5: 10 daAuts
